 Dungeon Sprint DCSS version 0.18.1-48-g4cf74bf (webtiles) character file.

1234 tagomago the Impaler (level 8, -6/67 HPs)
             Began as a Merfolk Gladiator on July 21, 2016.
             Was a Follower of Makhleb.
             Mangled by a demonic crawler (7 damage)
             ... in the Dungeon (Sprint I: "Red Sonja") on July 22, 2016.
             The game lasted 00:03:47 (687 turns).

tagomago the Impaler (Merfolk Gladiator)             Turns: 687, Time: 00:03:48

Health: -6/67      AC:  4    Str: 16    XL:     8   Next: 48%
Magic:  10/10      EV: 21    Int:  7    God:    Makhleb [*.....]
Gold:   425        SH:  0    Dex: 16    Spells: 0 memorised, 7 levels left

rFire  . . .     SeeInvis .     a - +0 trident
rCold  . . .     Gourm    .     b - +0 leather armour
rNeg   . . .     Faith    .     (no shield)
rPois  .         Spirit   .     c - +0 helmet
rElec  .         Dismiss  .     (no cloak)
rCorr  .         Reflect  .     (no gloves)
SustAt .         Harm     .     (no boots)
MR     .....     NoTele   +     (no amulet)
Stlth  +.........               (no ring)
                                (no ring)

@: not resistant to hostile enchantments, very unstealthy
A: change form in water, swift swim
a: Renounce Religion


You were in the Dungeon.
You worshipped Makhleb.
Makhleb was aware of your devotion.
You were not hungry.

You visited 1 branch You collected 425 gold pieces.

Inventory:

Hand Weapons
 a - a +0 trident (weapon)
Missiles
 d - 2 throwing nets (quivered)
Armour
 b - a +0 leather armour (worn)
 c - a +0 helmet (worn)
Scrolls
 k - a scroll of blinking
Potions
 e - a potion of curing
 g - a potion of heal wounds
 h - a potion of haste
 i - 2 potions of magic
 j - a potion of mutation {unknown}
Comestibles
 f - a bread ration


   Skills:
 + Level 7.3 Fighting
 + Level 15.6 Polearms
 + Level 6.1 Throwing
 + Level 2.7 Armour
 + Level 13.3 Dodging
 * Level 3.7 Invocations


You had 7 spell levels left.
You didn't know any spells.

Dungeon Overview and Level Annotations

Branches:
Dungeon (1/1)

Altars:
Cheibriados
Dithmenos
Elyvilon
Fedhas
Gozag
Kikubaaqudgha
Makhleb
Nemelex Xobeh
Okawaru
Pakellas
Qazlal
Ru
Sif Muna
Trog
Vehumet
Xom
Yredelemnul
Zin
The Shining One
Jiyva

Shops:
D *

Annotations:
D Sonja


Message History

The demonic crawler completely misses you.
You hit the demonic crawler.
The demonic crawler is lightly wounded.
The demonic crawler hits you! The demonic crawler closely misses you.
The demonic crawler misses you.
You hit the demonic crawler but do no damage.
The demonic crawler is lightly wounded.
The demonic crawler closely misses you. The demonic crawler hits you!
The demonic crawler misses you. The demonic crawler hits you. x2
The demonic crawler completely misses you.
The demonic crawler hits you!
* * * LOW HITPOINT WARNING * * *
The demonic crawler hits you!
* * * LOW HITPOINT WARNING * * *
The demonic crawler hits you.
* * * LOW HITPOINT WARNING * * *
The demonic crawler misses you.
The demonic crawler hits you but does no damage.
The demonic crawler hits you!
You die...

#################
#.)'..#__#..))..#
'..#..'..'..#..s##+#
#####'#__####...@ss#
#...#[####[[#####s.+
#..##.#§≈§.c +##
##'#..+§§ .'..._#§§
##_.#'# + ###+#.# #
#.### $.$


You could see 4 demonic crawlers.

Vanquished Creatures
  2 kobold demonologists (D)
  A slime creature (D)
  Sigmund (D)
  A yak (D)
  A giant eyeball (D)
  An ogre (D)
  A jelly (D)
  Ijyb (D)
9 creatures vanquished.

Notes
Turn   | Place    | Note
--------------------------------------------------------------
     0 | D        | tagomago the Merfolk Gladiator began the quest for the Orb.
     0 | D        | Reached XP level 1. HP: 16/16 MP: 1/1
     3 | D        | Noticed Ijyb
    15 | D        | Killed Ijyb
    15 | D        | Reached skill level 6 in Polearms
    15 | D        | Reached XP level 2. HP: 19/23 MP: 2/2
    15 | D        | Reached XP level 3. HP: 24/28 MP: 3/3
    62 | D        | Noticed an ogre
    75 | D        | Killed an ogre
    75 | D        | Reached skill level 9 in Polearms
    75 | D        | Reached XP level 4. HP: 35/35 MP: 4/4
    84 | D        | Noticed Sigmund
   111 | D        | Killed Sigmund
   111 | D        | Reached skill level 11 in Polearms
   111 | D        | Reached skill level 1 in Armour
   111 | D        | Reached skill level 10 in Dodging
   111 | D        | Reached XP level 5. HP: 30/43 MP: 5/5
   111 | D        | Reached XP level 6. HP: 35/49 MP: 6/6
   209 | D        | Found a snail-covered altar of Cheibriados.
   209 | D        | Found a viscous altar of Jiyva.
   209 | D        | Found a shadowy altar of Dithmenos.
   209 | D        | Found a blossoming altar of Fedhas.
   209 | D        | Noticed a slime creature
   225 | D        | Killed a slime creature
   225 | D        | Reached skill level 5 in Fighting
   225 | D        | Reached skill level 13 in Polearms
   225 | D        | Reached skill level 5 in Throwing
   225 | D        | Reached XP level 7. HP: 28/56 MP: 7/7
   435 | D        | Found a deep blue altar of Sif Muna.
   437 | D        | Found a radiant altar of Vehumet.
   486 | D        | Found Hoodoxtu's General Store.
   486 | D        | Found a white marble altar of Elyvilon.
   486 | D        | Found a stormy altar of Qazlal.
   486 | D        | Found a burning altar of Makhleb.
   486 | D        | Found a sacrificial altar of Ru.
   486 | D        | Found an oddly glowing altar of Pakellas.
   486 | D        | Found a basalt altar of Yredelemnul.
   486 | D        | Found a glowing golden altar of the Shining One.
   486 | D        | Found a sparkling altar of Nemelex Xobeh.
   486 | D        | Found a shimmering altar of Xom.
   486 | D        | Found an opulent altar of Gozag.
   486 | D        | Found an ancient bone altar of Kikubaaqudgha.
   486 | D        | Found a glowing silver altar of Zin.
   486 | D        | Noticed a yak
   502 | D        | Killed a yak
   502 | D        | Reached skill level 14 in Polearms
   503 | D        | Found an iron altar of Okawaru.
   504 | D        | Found a bloodstained altar of Trog.
   511 | D        | Became a worshipper of Makhleb the Destroyer
   517 | D        | Noticed Sonja
   529 | D        | Noticed a centaur warrior
   629 | D        | Noticed a kobold demonologist
   630 | D        | Noticed a kobold demonologist
   649 | D        | Killed a kobold demonologist
   649 | D        | Reached * piety under Makhleb
   649 | D        | Reached skill level 15 in Polearms
   649 | D        | Reached XP level 8. HP: 56/67 MP: 7/9
   660 | D        | Noticed a sun demon
   662 | D        | Killed a kobold demonologist
   683 | D        | Noticed a demonic crawler
   683 | D        | Noticed a demonic crawler
   683 | D        | Noticed a demonic crawler
   683 | D        | Noticed a demonic crawler
   687 | D        | HP: 1/67 [demonic crawler (6)]
   687 | D        | Mangled by a demonic crawler

Skill      XL: |  1  2  3  4  5  6  7  8 |
---------------+-------------------------+-----
Polearms       | 6 9 11 13 15 | 15.6
Dodging        | 6 8 10 11 12 13 | 13.3
Fighting       | 3 4 5 7 |  7.3
Throwing       | 3 4 5 6 |  6.1
Armour         | 1 2 |  2.7
Invocations    | 2 3 |  3.7

Action                   |  1- 3 |  4- 6 |  7- 9 || total
-------------------------+-------+-------+-------++-------
Melee: Trident           |    21 |    34 |    57 ||   112
Throw: Throwing net      |     1 |       |       ||     1
  Use: Potion            |       |     1 |       ||     1
Armor: Leather armour    |       |     1 |    13 ||    14
Dodge: Dodged            |    11 |    14 |    47 ||    72
